 Dungeon Crawl Stone Soup version 0.31.0-9-g3a7656b989 (webtiles) character file.

Game seed: 15612743414011761836

182 qw the Shooter (level 5, -4/22 (26) HPs)
             Began as a Spriggan Hunter on Feb 2, 2024.
             Slain by an orc
             ... wielding a +0 falchion
              (6 damage)
             ... on level 4 of the Dungeon.
             The game lasted 00:00:09 (2641 turns).

qw the Shooter (Spriggan Hunter)                    Turns: 2641, Time: 00:00:09

HP:   -4/22 (26)    AC:  2    Str:  7      XL:     5   Next: 35%
MP:   6/6           EV: 20    Int: 11      God:
Gold: 97            SH:  0    Dex: 19 (20) Spells: 4/4 levels left

rFire   . . .        a - +0 shortbow
rCold   . . .        (shield currently unavailable)
rNeg    . . .        c - +0 robe
rPois   .            (helmet restricted)
rElec   .            (no cloak)
rCorr   .            (gloves unavailable)
SInv    +            (boots unavailable)
Will    .....        h - amulet of faith
Stlth   ++           (no ring)
HPRegen 0.23/turn    (no ring)
MPRegen 0.10/turn

%: faith
@: lethally poisoned (-4 -> -12), heavily drained, very quick
A: very small, no large weapons, unfitting armour, see invisible, speed 3
a: no special abilities


You were on level 4 of the Dungeon.
You visited 1 branch of the dungeon, and saw 4 of its levels.

You collected 97 gold pieces.


Innate Abilities, Weirdness & Mutations

You are very small and have problems with some larger weapons.
You are too small for most types of armour.
You have supernaturally acute eyesight. (SInv)
You cover ground extremely quickly. (Speed+++)


   Skills:
 - Level 2.1 Fighting
 + Level 5.4 Ranged Weapons
 - Level 5.2 Dodging
 - Level 1.5 Stealth


You had 4 spell levels left.
You didn't know any spells.
Your spell library was empty.

Inventory:

Hand Weapons
 a - a +0 shortbow (weapon)
Armour
 c - a +0 robe (worn)
Jewellery
 h - an amulet of faith (around neck)
Potions
 d - a potion of enlightenment

Dungeon Overview and Level Annotations

Branches:
Dungeon (4/15)
 Temple: D:4-7

Altars:
Dithmenos

Shops:
D:2 (

Annotations:
D:3 3 runed translucent doors, qw's ghost, amateur DEHu


Message History

As you read the scroll labelled EZAJUX NANU, it crumbles to dust.
It is a scroll of amnesia.
You feel forgetful for a moment.
Qw's ghost turns its malevolent gaze towards you.
Could not explore, unopened runed door.
2614 ||| DROPPING scroll of poison.
You drop a scroll of poison.
Could not explore, unopened runed door.
2615 ||| DROPPING scroll of noise.
You drop a scroll of noise.
Could not explore, unopened runed door.
What level of the Dungeon? (default 3, ? - help)
There is a stone staircase leading down here.
You climb downwards.
There is a stone staircase leading up here.
Waypoint 3 assigned to D:4.
A water moccasin comes into view.
Found a stone staircase leading down.
The water moccasin hisses angrily.
You shoot an arrow. The arrow hits the water moccasin.
The water moccasin is lightly wounded.
You shoot an arrow.
The arrow barely misses the water moccasin.
You hear a shout!
An orc comes into view. It is wielding a +0 falchion.
You shoot an arrow. The arrow closely misses the orc.
A giant cockroach comes into view.
You shoot an arrow. The arrow misses the water moccasin.
The water moccasin bites you.
You are poisoned.
The water moccasin poisons you! The orc hits you with a +0 falchion.
The water moccasin misses you.
You shoot an arrow. The arrow hits the water moccasin.
The water moccasin is lightly wounded.
You feel very sick. The orc closely misses you. The water moccasin misses you.
The orc hits you with a +0 falchion.
You shoot an arrow. The arrow hits the water moccasin.
The water moccasin is moderately wounded.
You feel very sick. The water moccasin closely misses you.
The water moccasin barely misses you. The orc hits you with a +0 falchion.
You die...

##########
#######........#
........<......#
..####........#
#@.......#
#oS......#
.B.......#
..........#
........####
..........#
...........#
>...........#


You could see a water moccasin, an orc and a giant cockroach.

Vanquished Creatures
  A bombardier beetle (D:3)
  Terence (D:3)
  An orc wizard (D:3)
  3 adders
  2 dart slugs
  2 ribbon worms (D:2)
  2 orcs (D:3)
  5 ball pythons
  4 endoplasms (D:2)
  2 giant cockroaches
  4 hobgoblins
  4 jackals (D:3)
  4 quokkas
  4 bats
  3 frilled lizards
  4 goblins
  2 kobolds (D:2)
  10 rats
58 creatures vanquished.

Notes
Turn   | Place    | Note
-------+----------+-------------------------------------------
     0 | D:1      | qw the Spriggan Hunter began the quest for the Orb.
     0 | D:1      | Reached XP level 1. HP: 10/10 MP: 2/2
     0 | D:1      | 0 ||| qw: Version: 0.3-a-155-g5e7d8dd
     0 | D:1      | 0 ||| qw: Game counter: 2132
     0 | D:1      | 0 ||| qw: Melee chars always use a shield: true
     0 | D:1      | 0 ||| qw: God list: Okawaru
     0 | D:1      | 0 ||| qw: Allow faded altars: false
     0 | D:1      | 0 ||| qw: Do Orc after clearing Dungeon:15 true
     0 | D:1      | 0 ||| qw: Do second Lair branch before Depths: true
     0 | D:1      | 0 ||| qw: Lair rune preference: random
     0 | D:1      | 0 ||| qw: Goals: Normal
     0 | D:1      | 0 ||| PLANNING D:1-11
    99 | D:1      | Reached skill level 3 in Dodging
   245 | D:1      | Reached XP level 2. HP: 13/14 MP: 3/3
   802 | D:1      | 802 ||| UPGRADING to amulet of faith.
   807 | D:1      | 807 ||| READING scroll labelled FIANIA YRUHUI.
   908 | D:1      | 908 ||| READING scroll labelled JIKEET FYKYOCK.
   908 | D:1      | 908 ||| IDENTIFYING glowing cyan potion
   909 | D:1      | 909 ||| READING scroll labelled KOCUTI LEJUAHO.
   914 | D:1      | 914 ||| DROPPING scroll of butterflies.
   996 | D:2      | Found Rehuful's Antique Weapon Shoppe.
  1205 | D:2      | Reached XP level 3. HP: 18/18 MP: 4/4
  1533 | D:2      | 1533 ||| READING scroll labelled WUOLUP DOTHOQ.
  1680 | D:3      | Reached XP level 4. HP: 22/22 MP: 5/5
  1686 | D:3      | 1686 ||| DRINKING fizzy grey potion.
  1687 | D:3      | 1687 ||| DRINKING bubbling white potion.
  1873 | D:3      | Reached XP level 5. HP: 26/26 MP: 6/6
  2090 | D:3      | Found a faded altar of an unknown god.
  2262 | D:3      | Found a shadowy altar of Dithmenos.
  2298 | D:3      | Found a runed translucent gate.
  2299 | D:3      | Found a runed translucent gate.
  2301 | D:3      | Found a runed translucent gate.
  2303 | D:3      | Noticed qw's ghost (amateur DEHu)
  2303 | D:3      | Noticed qw's ghost (amateur DEHu)
  2452 | D:3      | Noticed Terence
  2466 | D:3      | HP: 5/25 [Terence/+0 flail of draining (11)]
  2466 | D:3      | HP: 2/24 [Terence/+0 flail of draining (3)]
  2467 | D:3      | 2467 ||| READING scroll of teleportation.
  2468 | D:3      | 2468 ||| DRINKING potion of heal wounds.
  2520 | D:3      | Killed Terence
  2610 | D:3      | 2610 ||| READING 3 scrolls of identify.
  2610 | D:3      | 2610 ||| IDENTIFYING emerald potion
  2611 | D:3      | 2611 ||| READING 2 scrolls of identify.
  2611 | D:3      | 2611 ||| IDENTIFYING scroll labelled MEREKLAULU
  2612 | D:3      | 2612 ||| READING scroll of identify.
  2612 | D:3      | 2612 ||| IDENTIFYING scroll labelled DUN QEXIGH
  2613 | D:3      | 2613 ||| READING scroll labelled EZAJUX NANU.
  2614 | D:3      | 2614 ||| DROPPING scroll of poison.
  2615 | D:3      | 2615 ||| DROPPING scroll of noise.
  2635 | D:4      | Noticed a water moccasin
  2640 | D:4      | HP: 5/22 [orc/+0 falchion (6)]
  2641 | D:4      | HP: 2/22 [poisoned by a water moccasin]
  2641 | D:4      | Slain by an orc

Levels and vault maps discovered:
D:1:      dpeg_arrival_subterranean_lakeside_camping, layout_basic,
          hangedman_abyss_or_decor_stabs, nrook_mini_backslash
D:2:      layout_basic, serial_shops, shop, chequers_serial_rivers_micro_b,
          grunt_ministairs_5, st_stairs_10, nicolae_titane
D:3:      cheibrodos_helix_gallery, layout_basic, mainiacjoe_overflow_alcove_4,
          chequers_ecumenical_altar_island, gammafunk_ghost_cemetery,
          wad_woods_river_04, uniq_terence
D:4:      layout_rooms, minmay_temple_entry_purple_smoke, grunt_ministairs_1,
          serial_bayou_pond_e, uniq_ijyb, uniq_eustachio,
          uniq_crazy_yiuf_cottage

Skill      XL: |  1  2  3  4 |
---------------+-------------+-----
Dodging        | 3 4 5 |  5.2
Ranged Weapons | 5 |  5.4
Fighting       | 2 |  2.1
Stealth        | |  1.5

Action                     |  1- 3 |  4- 6 || total
---------------------------+-------+-------++-------
   Fire: Shortbow          |   118 |    77 ||   195
    Use: Scroll            |     4 |     5 ||     9
         Potion            |       |     3 ||     3
 Armour: Robe              |     4 |    10 ||    14
  Dodge: Dodged            |    45 |    26 ||    71

Table legend:
 A = Non-vault XP
 B = Vault XP
 C = Vault XP percentage of total XP
 D = Non-vault monster count
 E = Vault monster count
 F = Vault count percentage of total count
                 A         B        C        D         E       F
            +---------+---------+-------+---------+---------+-------
      Total |     148 |     113 |  43.3 |      45 |      13 |  22.4
            +---------+---------+-------+---------+---------+-------
        D:1 |      22 |       8 |  26.7 |      13 |       6 |  31.6
        D:2 |      52 |      12 |  18.8 |      19 |       4 |  17.4
        D:3 |      74 |      93 |  55.7 |      13 |       3 |  18.8
            +---------+---------+-------+---------+---------+-------
